[Event "FIDE World Cup O12-TB 2024"]
[Site "Batumi"]
[Date "2024.07.01"]
[Round "1.14"]
[White "Martinez Flores, Matias"]
[Black "Nanayakkara, Sanuk"]
[Result "1/2-1/2"]
[ECO "B36"]
[WhiteElo "2080"]
[BlackElo "1714"]
[Annotator "TA"]
[PlyCount "63"]
[EventDate "2024.06.23"]
[EventType "swiss"]
[EventCountry "GEO"]
[SourceTitle "playchess.com"]
[Source "ChessBase"]
[SourceQuality "1"]
[TimeControl "5400+30"]

1. e4 c5 2. Nf3 Nc6 3. d4 cxd4 4. Nxd4 g6 5. c4 Nf6 6. Nc3 Nxd4 7. Qxd4 d6 8. Be3 Bg7 9. Be2 O-O 10. Qd3 Be6 11. O-O Qa5 12. Bd2 Rfc8 13. b3 a6 {[%emt 0:17:03] White is slightly better.} 14. Kh1 Rab8 15. f4 Qc5 16. Rac1 (16. f5 {is interesting.} Bd7 17. b4 Qxb4 18. fxg6 hxg6 19. e5) 16... Bd7 17. Be3 Qa5 18. Bd4 b5 19. Bxf6 bxc4 20. bxc4 (20. Qd5 $5 Rc5 (20... Qxd5 21. Nxd5 Bxf6 22. Bxc4 $11) 21. b4 Rxb4 22. Qa8+ Rc8 23. Qa7 $11) 20... Bxf6 21. Nd5 Qxa2 22. Nxf6+ exf6 23. Ra1 Qb3 24. Qxd6 Be6 25. c5 Qc2 26. Bxa6 {[%emt 0:03:18] [#]} (26. Qxa6 Qxe4 (26... Qxc5 27. f5 $11) 27. f5 Bxf5 $17) 26... Rb2 $1 27. Rg1 Qxc5 ({Of course not} 27... Rxc5 28. f5 Ba2 (28... gxf5 29. Qg3+ Kf8 30. Rad1 $18) 29. Qxf6 $14) (27... Bh3 {with more complications.} 28. Bf1 Qxe4 29. Qxf6 Rc2) 28. Qd1 (28. Qxc5 $11 Rxc5 29. h3) 28... Rcb8 $17 29. Bd3 f5 (29... Kg7 $17 30. f5 gxf5 31. exf5 Bxf5) 30. Rc1 $11 {[%emt 0:01:54] The position is equal.} Qa5 31. Ra1 Qc5 32. Rc1 {[%emt 0:00:12] Weighted Error Value: White=0.12 (very precise) /Black=0.14 (very precise) .  Mistake:       	White=1     	Black=1      Inaccurate:     	White=1     	Black=1      OK:         	White=10    	Black=7      Best:        	White=1     	---} 1/2-1/2

[Event "FIDE World Cup O12-TB 2024"]
[Site "Batumi"]
[Date "2024.07.01"]
[Round "1.15"]
[White "Li, Yiheng"]
[Black "Pirtac, Alexandru"]
[Result "1-0"]
[ECO "B45"]
[WhiteElo "1886"]
[BlackElo "1977"]
[Annotator "TA"]
[PlyCount "59"]
[EventDate "2024.06.23"]
[EventType "swiss"]
[EventCountry "GEO"]
[SourceTitle "playchess.com"]
[Source "ChessBase"]
[SourceQuality "1"]
[TimeControl "5400+30"]

1. e4 c5 2. Nf3 e6 3. d4 cxd4 4. Nxd4 Nf6 5. Nc3 Nc6 6. a3 d5 7. Bb5 Bd7 8. exd5 exd5 9. O-O Be7 10. Be2 O-O 11. Bf3 {[%emt 0:00:51] The position is equal.} Bc5 12. Nb3 Bd6 13. Nxd5 Nxd5 14. Bxd5 Ne5 (14... Qc7 $14) 15. Bxb7 $16 Bg4 16. f3 Qb6+ (16... Rb8 $16 {was called for.}) 17. Qd4 $18 Qxb7 (17... Rab8 {is a better defense.} 18. Qxb6 (18. fxg4 Rxb7 19. Qxb6 Rxb6 $16) 18... axb6) 18. Qxd6 ({Weaker is} 18. fxg4 Rad8 $14) 18... Bxf3 19. Qxe5 Bxg2 20. Na5 Qc8 (20... Qe4 21. Qxe4 Bxe4) 21. Kxg2 Qxc2+ 22. Rf2 Qg6+ 23. Qg3 Qb6 24. b4 f5 25. Bb2 Rf7 {[%emt 0:00:00] [#]} 26. Rxf5 $3 Raf8 {[%emt 0:00:00] [#]} (26... Qg6 27. Qxg6) 27. Raf1 $1 {[%emt 0:00:30] White mates.} Qe6 (27... h5 28. Rxf7) 28. Rxf7 Rxf7 29. Qb8+ Rf8 30. Qxf8# {[%emt 0:00:06] Black did not feel at home in the position after the opening.   Weighted Error Value: White=0.00 (flawless) /Black=0.75.  Mistake:       	---       	Black=4      Inaccurate:     	---       	Black=1      OK:         	White=6     	Black=4      Best:        	White=2     	Black=1} 1-0

[Event "FIDE World Cup O12-TB 2024"]
[Site "Batumi"]
[Date "2024.07.01"]
[Round "1.16"]
[White "Chia, Yu Zhe Ashton"]
[Black "Kristesiashvili, Andria"]
[Result "1/2-1/2"]
[ECO "B31"]
[WhiteElo "2229"]
[BlackElo "1728"]
[Annotator "TA"]
[PlyCount "57"]
[EventDate "2024.06.23"]
[EventType "swiss"]
[EventCountry "GEO"]
[SourceTitle "playchess.com"]
[Source "ChessBase"]
[SourceQuality "1"]
[TimeControl "5400+30"]

1. e4 c5 2. Nf3 Nc6 3. Bb5 g6 4. O-O Bg7 5. Nc3 Nf6 6. d3 O-O 7. h3 Ne8 8. a4 Na5 9. d4 cxd4 10. Nxd4 Nc7 11. Be2 b6 12. Be3 Bb7 13. Nb3 Nxb3 14. cxb3 d5 15. exd5 Nxd5 16. Qd2 Nxe3 17. Qxe3 e6 18. Rfd1 Qh4 (18... Qe7 {simplifies} 19. Bf3 Bxf3 20. Qxf3 Rfd8) 19. Rd7 Bc6 {[%emt 0:00:59] A strong pair of Bishops.} 20. Rd6 Rac8 21. Ba6 Rc7 22. Rad1 Qe7 23. Nb5 {[%emt 0:13:44] The position is equal.} Bd5 24. Nxc7 (24. R6xd5 exd5 25. Nxc7 Qxc7) 24... Qxd6 25. Nxd5 exd5 26. Bc4 d4 {[%emt 0:00:12] Black is weak on the light squares} 27. Qf3 Qc7 28. Re1 a5 29. Re4 {[%emt 0:07:02] Weighted Error Value: White=0.07 (flawless) /Black=0.06 (flawless) .  Inaccurate:     	White=1     	---        OK:         	White=8     	Black=8      Best:        	---       	Black=2} 1/2-1/2

[Event "FIDE World Cup O12-TB 2024"]
[Site "Batumi"]
[Date "2024.07.01"]
[Round "1.17"]
[White "Berdashkevich, Makar"]
[Black "Akhmet, Suleyman"]
[Result "0-1"]
[ECO "B55"]
[WhiteElo "1650"]
[BlackElo "1793"]
[Annotator "NA RC"]
[PlyCount "112"]
[EventDate "2024.06.23"]
[EventType "swiss"]
[EventCountry "GEO"]
[SourceTitle "playchess.com"]
[Source "ChessBase"]
[SourceQuality "1"]
[TimeControl "5400+30"]

1. e4 c5 2. Nf3 d6 3. d4 cxd4 4. Nxd4 Nf6 5. f3 Nc6 6. c4 Qb6 7. Nc2 e6 8. Nc3 Be7 9. Rb1 O-O 10. Be3 Qc7 11. Be2 Rd8 12. Bf4 Ne5 13. O-O Nxc4 14. Bxc4 Qxc4 15. Ne3 Qc6 16. Rc1 Qe8 17. Qb3 Bd7 18. Rfd1 Bc6 19. a4 Nh5 20. Bg3 Bg5 21. Bf2 d5 22. exd5 exd5 23. Re1 Qf8 24. h4 Bh6 25. Nf5 Bxc1 26. Rxc1 Nf4 27. Bd4 Ne6 28. Qd1 g6 29. Ne3 Nxd4 30. Qxd4 Qg7 31. Ne2 Qxd4 32. Nxd4 Bxa4 33. b3 Bc6 34. h5 Rac8 35. Re1 Re8 36. Kf2 f5 37. g3 b6 38. Ra1 a5 39. Ra2 Bb7 40. Rd2 Rc3 41. hxg6 Rexe3 42. gxh7+ Kxh7 43. Rd1 Red3 44. Rxd3 Rxd3 45. Nxf5 Rxb3 46. f4 a4 47. Nd4 Rb2+ 48. Ke3 a3 49. Ne6 a2 50. Kd4 a1=Q 51. Ke5 Re2+ 52. Kd6 Qa3+ 53. Kd7 Bc8+ 54. Kc7 Rxe6 55. Kxc8 Qe7 56. Kb8 Rd6 0-1

[Event "FIDE World Cup O12-TB 2024"]
[Site "Batumi"]
[Date "2024.07.01"]
[Round "1.18"]
[White "Amangeldy, Ramazan"]
[Black "Diasamidze, Rati"]
[Result "1-0"]
[ECO "A48"]
[WhiteElo "1740"]
[BlackElo "1646"]
[Annotator "NA RC"]
[PlyCount "113"]
[EventDate "2024.06.23"]
[EventType "swiss"]
[EventCountry "GEO"]
[SourceTitle "playchess.com"]
[Source "ChessBase"]
[SourceQuality "1"]
[TimeControl "5400+30"]

1. d4 Nf6 2. Bf4 g6 3. e3 Bg7 4. Nf3 O-O 5. Be2 c5 6. h3 Nc6 7. Nbd2 d6 8. c3 cxd4 9. exd4 Re8 10. Nc4 Bf5 11. O-O Rc8 12. Bh2 h5 13. Re1 a6 14. a4 Nd5 15. Qb3 Na5 16. Nxa5 Qxa5 17. Qxb7 Rb8 18. Qxa6 Qxa6 19. Bxa6 Bf6 20. Bb5 Rec8 21. Rac1 Nb6 22. Nd2 Bg5 23. f4 Bh4 24. Re2 Nd5 25. Ne4 Nb4 26. Rf1 Nd5 27. Bg3 Bxe4 28. Bxh4 f5 29. Rff2 Kf7 30. Bg5 e6 31. Rd2 Ne3 32. Rfe2 Nc4 33. Rd1 d5 34. Bh4 Ra8 35. Ra1 Na5 36. Ra3 Nc4 37. Ra1 Nd6 38. Ree1 Nc4 39. b4 Nd2 40. Re3 Nb3 41. Ra3 Nd2 42. Be1 Nc4 43. Bxc4 Rxc4 44. Re2 Ke8 45. Rb2 Kd7 46. a5 Rcc8 47. b5 Kc7 48. a6 Rcb8 49. c4 dxc4 50. Ba5+ Kd7 51. Bc3 Bd5 52. b6 Bc6 53. b7 Ra7 54. d5 Bxb7 55. Be5 c3 56. Rxc3 Rc8 57. Rxb7+ 1-0

[Event "FIDE World Cup O12-TB 2024"]
[Site "Batumi"]
[Date "2024.07.01"]
[Round "1.19"]
[White "Mamikonyan, Artem T"]
[Black "Amreyev, Azat"]
[Result "1-0"]
[ECO "C19"]
[WhiteElo "1855"]
[BlackElo "1704"]
[Annotator "NA RC"]
[PlyCount "151"]
[EventDate "2024.06.23"]
[EventType "swiss"]
[EventCountry "GEO"]
[SourceTitle "playchess.com"]
[Source "ChessBase"]
[SourceQuality "1"]
[TimeControl "5400+30"]

1. e4 e6 2. d4 d5 3. Nc3 Bb4 4. e5 c5 5. a3 Bxc3+ 6. bxc3 Ne7 7. Nf3 b6 8. Bd3 Ba6 9. h4 Bxd3 10. cxd3 cxd4 11. cxd4 Nbc6 12. h5 h6 13. g4 Qd7 14. Rb1 Rc8 15. Bd2 O-O 16. Rg1 Kh7 17. Kf1 f6 18. Kg2 fxe5 19. dxe5 d4 20. Re1 Qd5 21. Re4 Rf7 22. g5 Rf5 23. Bf4 Rcf8 24. Kg3 b5 25. Qe2 Qd8 26. g6+ Kg8 27. Rh1 Nd5 28. Rh4 Rxf4 29. Rhxf4 Rxf4 30. Rxf4 Nxf4 31. Kxf4 Qf8+ 32. Kg3 Qf5 33. Qc2 Ne7 34. Qc7 Nxg6 35. hxg6 Qxg6+ 36. Kf4 Qf5+ 37. Kg3 Qg6+ 38. Kh4 Qxd3 39. Qc6 Qf5 40. Kg3 Qg6+ 41. Kh2 Qf5 42. Kg2 Kh7 43. Kf1 Qd3+ 44. Ke1 Qb1+ 45. Kd2 Qb2+ 46. Kd3 Qxa3+ 47. Kxd4 Qa2 48. Ke3 Qb3+ 49. Kf4 Qa2 50. Kg3 a6 51. Nd4 Qb2 52. Qe4+ Kh8 53. Kg2 Qa2 54. Kg3 Qb2 55. Nf3 Qa2 56. Nh4 Qb3+ 57. f3 Qc4 58. Ng6+ Kh7 59. Nf8+ Kg8 60. Qxc4 bxc4 61. Nxe6 a5 62. Nd4 a4 63. Nb5 Kf7 64. Kf4 Ke6 65. Ke4 h5 66. Nd4+ Ke7 67. Nf5+ Kf7 68. Kd5 c3 69. e6+ Kf6 70. Ne3 h4 71. Kd6 h3 72. e7 h2 73. e8=Q h1=Q 74. Qf8+ Kg6 75. Qf5+ Kh6 76. Ng4# 1-0

[Event "FIDE World Cup O12-TB 2024"]
[Site "Batumi"]
[Date "2024.07.01"]
[Round "1.20"]
[White "Yusupov, Rauf"]
[Black "Yang, Maxwell"]
[Result "1-0"]
[ECO "A35"]
[WhiteElo "1800"]
[BlackElo "1979"]
[Annotator "TA"]
[PlyCount "137"]
[EventDate "2024.06.23"]
[EventType "swiss"]
[EventCountry "GEO"]
[SourceTitle "playchess.com"]
[Source "ChessBase"]
[SourceQuality "1"]
[TimeControl "5400+30"]

1. d4 Nf6 2. Nf3 g6 3. c4 Bg7 4. Nc3 d5 5. Bf4 O-O 6. e3 c5 7. Be2 dxc4 8. Bxc4 Nc6 9. O-O cxd4 10. Nxd4 Nxd4 11. exd4 Bf5 12. Re1 Rc8 13. Bb3 Re8 {[%emt 0:11:13] White has an edge.} 14. Be5 Qb6 15. Qf3 Be6 16. Bxe6 fxe6 17. Re2 {[%emt 0:04:23] White is more active.} Qc6 18. Qxc6 (18. Qf4 $14 {was preferrable.}) 18... Rxc6 $11 19. Rae1 Kf7 20. g3 Rec8 21. Kg2 a6 22. a4 b6 23. h3 Bh6 {[%emt 0:03:44] [#]} (23... Rd8 $11 {keeps the balance.}) 24. Bxf6 $1 $16 exf6 25. d5 Rd6 (25... exd5 $14 26. Re7+ (26. Nxd5 Rd6 $14) 26... Kg8) 26. Rxe6 Bf8 27. Rxd6 Bxd6 {[%emt 0:00:07][%mdl 4096] Endgame. KRB-KRN} 28. Re6 Rd8 29. Ne4 Be5 (29... Be7 $16 {was worth a try.}) 30. Rxb6 $18 Rxd5 31. b4 a5 32. b5 Rd4 33. Nc5 Rc4 34. Nb7 (34. Rc6 $16 {aiming for b6.} Bd4 35. b6 (35. Rc7+ Ke8 $18)) 34... Rxa4 $11 35. Ra6 Rb4 36. Rxa5 Ke7 {[%emt 0:02:21] Against Nd8} 37. Nc5 Bc7 $2 {[%emt 0:01:09][%mdl 8192] White now steadily converts the win.} (37... Bd4 $1 $11 {and Black stays safe.} 38. Nd3 Rb3) 38. Ra7 $18 Kd6 {[%emt 0:00:05] [#]} 39. Rxc7 Rxb5 {[%emt 0:01:04] KRN-KR} (39... Kxc7 $2 {loses.} 40. Na6+ Kb6 41. Nxb4) 40. Na6 ({Don't take} 40. Rxh7 Rxc5 41. Rh6 Rg5 $18) 40... Ra5 41. Ra7 h5 42. Ra8 Ke7 43. Nc7 Rxa8 44. Nxa8 {[%emt 0:00:04] KN-K3P. White mates.} Kd6 45. Nb6 Kc6 46. Nc4 Kd5 47. Nd2 Ke5 48. Kf3 g5 49. Ke3 Kf5 50. Nf3 Ke6 51. Ke4 f5+ 52. Kd4 Kf6 53. Kd5 g4 54. hxg4 fxg4 {[%emt 0:00:18] KN-KPP} 55. Nh4 Kg5 56. Ke5 Kh6 57. Kf6 Kh7 58. Kg5 Kg7 59. Kxh5 Kf6 60. Kxg4 Kf7 61. Kg5 Kg7 62. g4 Kf7 63. Kh6 Kg8 64. g5 Kh8 65. g6 Kg8 66. g7 Kf7 67. Kh7 Kf6 68. g8=Q Ke7 69. Qg6 {[%emt 0:00:07] Weighted Error Value: White=0.09 (flawless) /Black=0.53.  Loses game:     	---       	Black=1      Mistake:       	White=2     	Black=3      Inaccurate:     	White=1     	Black=3      OK:         	White=14    	Black=7      Best:        	White=3     	Black=4      Strong:       	White=1     	---        Brilliant:      	White=1     	---} 1-0

[Event "FIDE World Cup O12-TB 2024"]
[Site "Batumi"]
[Date "2024.07.01"]
[Round "1.22"]
[White "Atar, Semih Akif"]
[Black "Todua, Andria"]
[Result "1/2-1/2"]
[ECO "E17"]
[WhiteElo "1660"]
[BlackElo "1599"]
[Annotator "NA RC"]
[PlyCount "71"]
[EventDate "2024.06.23"]
[EventType "swiss"]
[EventCountry "GEO"]
[SourceTitle "playchess.com"]
[Source "ChessBase"]
[SourceQuality "1"]
[TimeControl "5400+30"]

1. c4 e6 2. g3 Nf6 3. Bg2 d5 4. Nf3 c5 5. e3 Be7 6. O-O O-O 7. cxd5 exd5 8. d4 b6 9. b3 Bb7 10. Bb2 Nbd7 11. Nc3 Re8 12. Qc2 Rc8 13. Rfd1 Ne4 14. Nd2 Nxc3 15. Bxc3 cxd4 16. exd4 Bb4 17. Nc4 Bxc3 18. Qxc3 Ba8 19. Re1 Rxe1+ 20. Rxe1 dxc4 21. Bh3 Rc7 22. bxc4 Nf6 23. Re5 Re7 24. Qe3 Rxe5 25. Qxe5 Bb7 26. d5 Ba6 27. Qd4 Qd6 28. Qd3 Kf8 29. Qe2 Qe7 30. Qc2 Qc7 31. Qb3 Qc5 32. Qa4 Bxc4 33. Qxa7 Nxd5 34. Qb8+ Ke7 35. Qe5+ Kd8 36. Qb8+ 1/2-1/2

[Event "FIDE World Cup O12-TB 2024"]
[Site "Batumi"]
[Date "2024.07.01"]
[Round "1.23"]
[White "Lee, Daniel Joshua"]
[Black "Khubuluri, Zaal"]
[Result "1-0"]
[ECO "B33"]
[WhiteElo "1717"]
[BlackElo "1501"]
[Annotator "NA RC"]
[PlyCount "63"]
[EventDate "2024.06.23"]
[EventType "swiss"]
[EventCountry "GEO"]
[SourceTitle "playchess.com"]
[Source "ChessBase"]
[SourceQuality "1"]
[TimeControl "5400+30"]

1. e4 c5 2. Nf3 Nc6 3. d4 cxd4 4. Nxd4 Nf6 5. Nc3 e5 6. Ndb5 d6 7. Nd5 Nxd5 8. exd5 Nb8 9. c4 Be7 10. Bd3 O-O 11. O-O f5 12. f4 e4 13. Be2 Nd7 14. Be3 Nb6 15. Kh1 Bf6 16. Rb1 a6 17. Nd4 Bd7 18. b3 Rc8 19. g4 Bxd4 20. Qxd4 Na8 21. Rg1 Qf6 22. g5 Qxd4 23. Bxd4 g6 24. Kg2 Nc7 25. h4 b5 26. Rb2 bxc4 27. bxc4 Rb8 28. Rgb1 Rxb2 29. Rxb2 Na8 30. Rb7 Rd8 31. Bf6 Bc8 32. Rb8 1-0

[Event "FIDE World Cup O12-TB 2024"]
[Site "Batumi"]
[Date "2024.07.01"]
[Round "1.24"]
[White "Cronje, Johannes Christiaan"]
[Black "Tavberidze, Alexandre"]
[Result "0-1"]
[ECO "A36"]
[WhiteElo "1504"]
[BlackElo "1529"]
[Annotator "NA RC"]
[PlyCount "128"]
[EventDate "2024.06.23"]
[EventType "swiss"]
[EventCountry "GEO"]
[SourceTitle "playchess.com"]
[Source "ChessBase"]
[SourceQuality "1"]
[TimeControl "5400+30"]

1. c4 c5 2. g3 Nc6 3. Bg2 g6 4. Nc3 Bg7 5. e3 d6 6. Nge2 e6 7. O-O Nge7 8. d4 O-O 9. b3 Rb8 10. Bb2 b6 11. dxc5 dxc5 12. Qxd8 Rxd8 13. Rfd1 Bb7 14. Rxd8+ Rxd8 15. Rd1 Nf5 16. Rxd8+ Nxd8 17. Bxb7 Nxb7 18. Nd1 Nbd6 19. Bxg7 Kxg7 20. Ndc3 Ne7 21. e4 Nc6 22. f4 f6 23. Kf2 e5 24. Nd5 Nxe4+ 25. Ke3 Nd6 26. fxe5 Nxe5 27. h3 f5 28. Nef4 Kf7 29. a3 Ne4 30. Ne2 Nc6 31. g4 Nd6 32. gxf5 Nxf5+ 33. Ke4 Na5 34. Nc1 Nd4 35. Nc7 Ndxb3 36. Nxb3 Nxb3 37. Nb5 Ke6 38. Nxa7 Kd7 39. Nb5 Nd2+ 40. Kd5 Nf3 41. Nc3 Ng5 42. Na4 Kc7 43. Nxc5 bxc5 44. Kxc5 Nxh3 45. a4 Nf4 46. a5 Ne6+ 47. Kd5 Nd8 48. Kc5 Nb7+ 49. Kb5 Nxa5 50. Kxa5 h5 51. Kb4 h4 52. Kc3 h3 53. Kd2 h2 54. Ke2 h1=Q 55. c5 Qh3 56. c6 Kxc6 57. Kf2 Qd3 58. Ke1 Qc2 59. Kf1 Qd2 60. Kg1 Qe2 61. Kh1 Kd5 62. Kg1 Ke4 63. Kh1 Kf3 64. Kg1 Qg2# 0-1